 Dungeon Crawl Stone Soup version 0.12.2-24-gbfbc01a (console) character file.

329 arwald the Sneak (level 5, -1/30 HPs)
             Began as a Tengu Assassin on Sept 6, 2013.
             Slain by a sky beast (4 damage)
             ... on Level 3 of the Dungeon on Sept 7, 2013.
             The game lasted 00:42:29 (3822 turns).

arwald the Sneak (Tengu Assassin)                   Turns: 3822, Time: 00:42:29

HP  -1/30        AC  0     Str 11      XL: 5   Next: 22%
MP   6/6         EV 13     Int 12      God:
Gold 190         SH  0     Dex 16      Spells:  0 memorised,  5 levels left

Res.Fire  : . . .   See Invis. : .   k - +2,+1 short sword
Res.Cold  : . . .   Warding    : .   (no armour)
Life Prot.: . . .   Conserve   : .   (no shield)
Res.Poison: .       Res.Corr.  : .   (helmet restricted)
Res.Elec. : .       Clarity    : .   (no cloak)
Sust.Abil.: . .     Spirit.Shd : .   (no gloves)
Res.Mut.  : .       Stasis     : .   (boots unavailable)
Res.Rott. : .       Ctrl.Telep.: .   (no amulet)
Saprovore : . . .   Flight     : .   (no ring)
                                     (no ring)

@: slightly resistant to hostile enchantments, stealthy
A: able to fly, beak, talons 3
a: Fly


You were on level 3 of the Dungeon.
You were not hungry.

You visited 1 branch of the dungeon, and saw 3 of its levels.

You collected 140 gold pieces.

Inventory:

Hand weapons
 a - a +3,+2 dagger {=f}
 b - a +1 blowgun
 k - a +2,+1 short sword (weapon)
 n - a +0,+0 short sword
 t - a +2,+0 elven dagger
 w - a +0,+0 dwarven sabre
 y - a +1,+1 orcish dagger
 C - a +1,+0 orcish dagger
Missiles
 e - 33 poisoned needles
 f - 2 curare-tipped needles
 h - 22 darts of frost (quivered)
 z - a throwing net
 A - 50 darts
 B - 11 darts of flame
Armour
 c - a +0 robe
 d - a +0 cloak
 m - a +0 robe
 s - a +0 robe
 u - a +0 pair of gauntlets
 x - a +0 cloak
 K - a +2 leather armour
Comestibles
 g - 3 bread rations
 p - 2 pears
 I - a meat ration
 O - 2 rotting chunks of quokka flesh
Scrolls
 i - 2 scrolls of teleportation
 o - a scroll of random uselessness {unknown}
 G - a scroll of fog {unknown}
 M - a scroll of magic mapping {unknown}
Jewellery
 v - an uncursed ring of ice {unknown}
 H - an uncursed amulet of guardian spirit {unknown}
Potions
 j - a potion of magic {unknown}
 l - 3 potions of brilliance {unknown}
 q - 2 potions of curing {unknown}
 r - a potion of invisibility {unknown}
 D - a potion of paralysis {unknown}
 E - 2 potions of agility {unknown}
 J - a potion of poison


   Skills:
 * Level 2.2 Fighting
 * Level 3.0 Short Blades
 * Level 3.2 Throwing
 + Level 1.3 Armour
 * Level 2.3 Dodging
 * Level 3.6 Stealth
 * Level 2.5 Stabbing
 + Level 0.6 Traps
 + Level 0.5 Spellcasting


You had 5 spell levels left.
You didn't know any spells.

Dungeon Overview and Level Annotations

Branches:
Dungeon (3/27)

Altars:


Innate Abilities, Weirdness & Mutations

You can fly.
You have a beak for a mouth.
You have claws for feet.


Message History

The sky beast looks more healthy.
The sky beast misses you.
You hit the sky beast. Your kick misses the sky beast.
Your peck misses the sky beast.
The sky beast is severely wounded.
The sky beast completely misses you.
You hit the sky beast. You peck the sky beast.
The sky beast is almost dead.
The sky beast hits you. The sky beast shocks you!
You hit the sky beast. Your kick misses the sky beast.
The sky beast is almost dead.
The sky beast barely misses you.
You hit the sky beast but do no damage. Your peck misses the sky beast.
The sky beast is almost dead.
The sky beast hits you.
* * * LOW HITPOINT WARNING * * *
The sky beast shocks you!
* * * LOW HITPOINT WARNING * * *
You hit the sky beast.
The sky beast is almost dead.
The sky beast flickers out of sight!
It hits you.
You die...

#..# #.##.# # #..#
#.##.# # #..####.##.#
# #..........# #
#.################ #.#
#.........[ ##.##
#.#########
#.%.#####.# #
#...(......>.######
####(...[(............
#)...@....##.#........
#.......%....#########
#.........###
####...#### #..$#
#(..# #####


There were no monsters in sight!

Vanquished Creatures
  6 adders
  4 giant mites (D:3)
  2 giant geckos (D:3)
  4 giant cockroaches
  8 hobgoblins
  4 jackals (D:2)
  5 kobolds
  A quokka (D:3)
  5 bats
  6 giant newts
  4 goblins
  8 rats
57 creatures vanquished.

Vanquished Creatures (others)
  A kobold (D:2)
1 creature vanquished.

Grand Total: 58 creatures vanquished

Notes
Turn   | Place    | Note
--------------------------------------------------------------
     0 | D:1      | arwald, the Tengu Assassin, began the quest for the Orb.
     0 | D:1      | Reached XP level 1. HP: 12/12 MP: 0/0
   326 | D:1      | Reached XP level 2. HP: 12/16 MP: 2/2
  1148 | D:2      | Reached XP level 3. HP: 16/20 MP: 3/3
  1596 | D:2      | Reached skill level 1 in Armour
  2282 | D:3      | Reached XP level 4. HP: 20/26 MP: 4/4
  2598 | D:3      | Found a glowing drain.
  3130 | D:3      | Reached XP level 5. HP: 25/30 MP: 6/6
  3806 | D:3      | Noticed a sky beast
  3822 | D:3      | Slain by a sky beast

Action                   |  1- 3 |  4- 6 || total
-------------------------+-------+-------++-------
Melee: Dagger            |    53 |       ||    53
       Short sword       |     9 |    51 ||    60
 Fire: Blowgun           |    37 |    25 ||    62
  Use: Scroll            |     6 |       ||     6
